Description

2Base Colosss Macro Opener as played by Stats

Build Order

Get SALT Encoding   

  14  0:17  Pylon  
  16  0:36  Gateway  
  17  0:47  Assimilator  
  20  1:25  Nexus  
  20  1:32  Cybernetics Core  
  21  1:41  Assimilator  
  22  1:50  Pylon  At Reapercliff
  23  2:08  Mothership Core (Chrono Boost)  
  25  2:14  Warp Gate  
  25  2:18  Adept  
  27  2:23  Pylon  
  28  2:36  Robotics Facility  
  33  2:57  Adept  
  38  3:16  Gateway  
  38  3:17  Gateway  
  40  3:26  Observer (Chrono Boost)  Rally To Opponent
  43  3:35  Pylon x2  At Natural
  45  3:45  Assimilator  At Natural
  45  3:46  Observer (Chrono Boost), Assimilator  
  48  4:00  Robotics Bay  
  51  4:12  Stalker x3  Warpin at Natural
  61  4:25  Pylon  Mainbase
  61  4:47  Colossus (Chrono Boost)  
  67  4:50  Nexus  Cut Probes until it finishes
  68  4:54  Extended Thermal Lance (Chrono Boost)  
  68  5:00  Zealot x2, Sentry  
Spawning Tool Build Advisor. Get it on Overwolf

Go to:

Details

  • Created by: CGJaCkal
  • Published on: Mar 23, 2017
  • Modified on: Mar 27, 2017
  • Patch: 3.8.0
Show
View Real Time Build Order
Export as new Build Order

Comments (1)

On March 23, 2017, 5:32 p.m., StoicLoofah  said:

Thanks for sharing. Do you have a link to a replay or VOD where stats used this build?

Create an account to comment!